 Dungeon Crawl Stone Soup version 0.26-a0-753-g4680b4fa2e (webtiles) character file.

Game seed: 3806626596627953265

1000 Riddle the Jinx (level 8, 34/34 HPs)
             Began as a Felid Enchanter on Nov 7, 2020.
             Quit the game on level 6 of the Dungeon.
             The game lasted 00:31:57 (13826 turns).

Riddle the Jinx (Felid Enchanter)                  Turns: 13826, Time: 00:31:58

Health: 34/34      AC:  2    Str:  4    XL:     8   Next: 0%
Magic:  13/13      EV: 21    Int: 17    God:
Gold:   326        SH:  0    Dex: 19    Spells: 3/12 levels left
                                        Lives:  1   Deaths: 1

rFire    . . .     SeeInvis +     - Unarmed
rCold    . . .     Faith    .   (shield unavailable)
rNeg     . . .     Spirit   +   (armour unavailable)
rPois    .         Reflect  .   (helmet unavailable)
rElec    .         Harm     .   (cloak unavailable)
rCorr    .         Rampage  .   (gloves unavailable)
MR       +....                  (boots unavailable)
Stlth    +++++.....             a - amulet of guardian spirit
HPRegen  0.11/turn              (no ring)
MPRegen  0.13/turn              (no ring)

@: quick
A: very small, no armour, no weapons or thrown items, stealth, claws 1, fangs 3,
see invisible, speed 1, shaggy fur 2, sharp paws
a: no special abilities


You were on level 6 of the Dungeon.
You visited 2 branches of the dungeon, and saw 8 of its levels.

You collected 326 gold pieces.

Inventory:

Jewellery
 a - an amulet of guardian spirit (around neck)
Wands
 l - a wand of random effects (19)
 q - a wand of iceblast (5)
 s - a wand of polymorph (13)
 v - a wand of paralysis (6)
Scrolls
 b - 8 scrolls of identify {unknown}
 f - 4 scrolls of enchant armour {unknown}
 g - 4 scrolls of amnesia {unknown}
 h - 6 scrolls of remove curse {unknown}
 i - 2 scrolls of fog {unknown}
 k - 3 scrolls of teleportation {unknown}
 n - a scroll of immolation {unknown}
 o - a scroll of random uselessness {unknown}
 w - a scroll of brand weapon {unknown}
Potions
 c - 2 potions of lignification {unknown}
 d - 3 potions of might
 e - 2 potions of attraction {unknown}
 j - a potion of brilliance {unknown}
 m - 3 potions of heal wounds {unknown}
 p - 2 potions of flight {unknown}
 r - a potion of cancellation {unknown}
 t - a potion of curing {unknown}
 u - 2 potions of mutation {unknown}


   Skills:
 - Level 2.5 Fighting
 - Level 4.7 Dodging
 + Level 8.4 Stealth
 - Level 3.0 Unarmed Combat
 - Level 2.8 Spellcasting
 * Level 12.6 Hexes
 - Level 1.4 Ice Magic


You had 3 spell levels left.
You knew the following spells:

 Your Spells              Type           Power        Failure   Level
a - Corona                Hex            #####..      1%          1
b - Ensorcelled Hibernat  Hex/Ice        ####..       1%          2
c - Confusing Touch       Hex            #####...     1%          3
d - Tukima's Dance        Hex            #####...     1%          3

Your spell library contained the following spells:

 Spells                   Type           Power        Failure   Level
 Dazzling Flash           Conj/Hex       ###...       4%          3
 Shock                    Conj/Air       #...         19%         1
 Swiftness                Air            #.......     26%         2
 Gell's Gravitas          Tloc           #.........   47%         3
 Static Discharge         Conj/Air       #.......     47%         3
 Metabolic Englaciation   Hex/Ice        ####......   28%         5
 Yara's Violent Unravell  Hex/Tmut       ###.......   36%         5
 Airstrike                Air            #.........   87%         4
 Petrify                  Tmut/Erth      #.......     87%         4
 Lightning Bolt           Conj/Air       #.........   99%         5


Dungeon Overview and Level Annotations

Branches:
Dungeon (7/15)             Temple (1/1) D:5

Altars:
Ashenzari
Cheibriados
Dithmenos
Elyvilon
Fedhas
Gozag
Hepliaklqana
Kikubaaqudgha
Makhleb
Nemelex Xobeh
Okawaru
Qazlal
Ru
Sif Muna
Trog
Uskayaw
Vehumet
Wu Jian
Xom
Yredelemnul
Zin
The Shining One

Annotations:
D:7 Prince Ribbit


Innate Abilities, Weirdness & Mutations

You cannot wear armour.
You are incapable of wielding weapons or throwing items.
Your paws allow you to move quietly. (Stealth)
You have sharp claws.
You have razor-sharp teeth.
You have supernaturally acute eyesight. (SInv)
You cover ground quickly.
You are covered in thick fur. (AC +2)
Your sharp claws are effective at attacking unaware monsters.


Message History

The ufetubus misses you. The ufetubus completely misses you.
A centaur comes into view.
The iguana misses you. The iguana completely misses you.
There is an escape hatch in the ceiling here.
The iguana stops glowing.
The ufetubus completely misses you. The ufetubus hits you.
The iguana completely misses you. A mysterious force pulls you upwards.
The hatch slams shut behind you. The iguana bites you!
* * * LOW HITPOINT WARNING * * *
The ufetubus hits you.
* * * LOW HITPOINT WARNING * * *
The ufetubus completely misses you. The iguana bites you!
You die...
The water moccasin hisses angrily.
You are now level 8!
You rejoin the land of the living...
Unknown command.
Are you sure you want to abandon this character and quit the game? (Confirm with "yes".)

##############
###########............#
#.............########.#
#.#########@..# #.#
##.#########...# ######.#####
##...#..........###...........
####.#.#..######....##.####..####
..........##......#....# #..# ##
####.#.#......##....#.## #†.# #.
##...#.###.##.#.##.# #5l###.
#.....###.##.#.##.# #..S...
##..#####...#.#.##.#####.####.


There were no monsters in sight!

Vanquished Creatures
  An orc warrior (D:6)
  An ice beast (D:5)
  3 ogres
  A necrophage (D:6)
  2 centaurs (D:5)
  2 bullfrogs (D:6)
  4 scorpions
  4 wights (D:6)
  A centaur zombie (D:6)
  A bullfrog skeleton (D:3)
  A hound (D:4)
  2 jellies
  An orc wizard (D:1)
  Crazy Yiuf (D:3)
  2 centaur skeletons
  An iguana (D:5)
  5 worker ants (D:4)
  6 gnolls (D:6)
  7 adders
  A shadow imp (D:6)
  An ufetubus (D:6)
  An ooze (D:2)
  3 worms
  2 dart slugs (D:1)
  A leopard gecko (D:6)
  22 orcs
  8 bats
  6 giant cockroaches
  6 goblins
  6 hobgoblins
  2 jackals (D:1)
  A quokka (D:6)
  10 frilled lizards
  9 kobolds
  8 rats
133 creatures vanquished.

Vanquished Creatures (collateral kills)
  An ogre (D:5)
  A wight (D:6)
2 creatures vanquished.

Vanquished Creatures (others)
  A dancing weapon (D:4)
  A plant (D:3)
2 creatures vanquished.

Grand Total: 137 creatures vanquished

Notes
Turn   | Place    | Note
-------+----------+-------------------------------------------
     0 | D:1      | Riddle the Felid Enchanter began the quest for the Orb.
     0 | D:1      | Reached XP level 1. HP: 7/7 MP: 4/4
   287 | D:1      | Reached XP level 2. HP: 11/11 MP: 6/6
   335 | D:1      | Learned a level 2 spell: Ensorcelled Hibernation
  1602 | D:1      | Reached XP level 3. HP: 15/15 MP: 7/7
  3063 | D:1      | Reached skill level 1 in Fighting
  3257 | D:1      | Reached XP level 4. HP: 18/19 MP: 0/8
  3522 | D:1      | Reached skill level 5 in Hexes
  3556 | D:1      | Learned a level 3 spell: Confusing Touch
  5400 | D:3      | Reached skill level 1 in Ice Magic
  6537 | D:3      | Found a runed translucent door.
  6538 | D:3      | Noticed Crazy Yiuf
  7062 | D:3      | Reached skill level 5 in Stealth
  7062 | D:3      | Reached XP level 5. HP: 17/22 MP: 2/9
  7270 | D:3      | Killed Crazy Yiuf
  7861 | D:4      | You fall into a shaft and drop 2 floors!
  7861 | D:6      | Found a blossoming altar of Fedhas.
  8073 | D:6      | Gained mutation: You are covered in thick fur. (AC +2)
                  | [Felid growth]
  8073 | D:6      | Reached XP level 6. HP: 26/26 MP: 2/10
  8150 | D:5      | Entered Level 5 of the Dungeon
  8508 | D:6      | Noticed a water moccasin
  8655 | D:6      | Reached skill level 6 in Hexes
  8667 | D:6      | Noticed an orc warrior
  8748 | D:6      | HP: 1/25 [bullfrog (3)]
  9092 | D:4      | Learned a level 3 spell: Tukima's Dance
  9112 | D:4      | Reached XP level 7. HP: 29/29 MP: 4/12
  9368 | D:4      | Found a glowing golden altar of the Shining One.
  9582 | D:4      | Reached skill level 7 in Hexes
  9722 | D:4      | Reached skill level 8 in Hexes
 10026 | D:4      | Reached skill level 9 in Hexes
 10532 | D:4      | Reached skill level 10 in Hexes
 10532 | D:4      | Reached XP level 8. HP: 31/33 MP: 0/13
 11730 | D:5      | Found a staircase to the Ecumenical Temple.
 11859 | Temple   | Entered the Ecumenical Temple
 12144 | D:5      | Reached skill level 11 in Hexes
 13158 | D:5      | Reached skill level 12 in Hexes
 13742 | D:7      | Noticed Prince Ribbit
 13751 | D:6      | Reached XP level 9. HP: 29/36 MP: 6/14
 13825 | D:6      | Slain by an iguana
 13826 | D:6      | Reached XP level 8. HP: -2/33 MP: 0/13
 13826 | D:6      | Quit the game

Illustrated notes

Levels and vault maps discovered:
D:1:      sevenhm_arrival_forest_fort_large_4, layout_loops_corners
D:2:      layout_loops_ring, corexii_hall_statues_l
D:3:      layout_rooms, chequers_big_river, uniq_crazy_yiuf_cottage
D:4:      layout_loops_ring, kennysheep_doodads, tso_altar
D:5:      layout_cave_pools, temple_hall
D:6:      layout_loops_ring, fedhas_altar_1
D:7:      layout_cave_pools, basic_altar, uniq_prince_ribbit1
Temple:   nicolae_temple_the_god_donut

Skill      XL: |  1  2  3  4  5  6  7  8 |
---------------+-------------------------+-----
Dodging        | 3 4 |  4.7
Fighting       | 1 2 |  2.5
Hexes          | 5 6 10 12 | 12.6
Ice Magic      | 1 |  1.4
Unarmed Combat | 2 3 |  3.0
Stealth        | 5 6 8 |  8.4
Spellcasting   | |  2.8

Action                   |  1- 3 |  4- 6 |  7- 9 || total
-------------------------+-------+-------+-------++-------
Melee: Unarmed           |    51 |   163 |   134 ||   348
       Bite              |     5 |    11 |    11 ||    27
 Cast: Corona            |     3 |    21 |    20 ||    44
       Ensorcelled Hiber |    29 |    87 |    55 ||   171
       Confusing Touch   |       |     9 |     8 ||    17
       Tukima's Dance    |       |       |     7 ||     7
  Use: Potion            |       |     1 |       ||     1
 Stab: Sleeping          |    28 |    44 |    40 ||   112
       Confused          |       |     9 |     9 ||    18
Armor: Skin              |     3 |     4 |     6 ||    13
Dodge: Dodged            |    37 |   153 |   133 ||   323

Table legend: (Time is in decaauts)
 A = Elapsed time spent in this place.
 B = Non-inter-level travel time spent in this place.
 C = Inter-level travel time spent in this place.
 D = Time resting spent in this place.
 E = Time spent auto-exploring this place.
 F = Levels seen in this place.
 G = Mean time per level.
                   A        B        C        D        E       F      G
               +--------+--------+--------+--------+--------+-----+--------+
         Total |  12555 |  11917 |    638 |   5778 |   3679 |   8 | 1569.4 |
       Dungeon |  12365 |  11745 |    620 |   5778 |   3509 |   7 | 1766.4 |
        Temple |    189 |    171 |     18 |      0 |    169 |   1 |  189.0 |
               +--------+--------+--------+--------+--------+-----+--------+

Top non-repeatable levels by time:
     D:2: 3506 daAuts
     D:1: 2143 daAuts
     D:4: 2033 daAuts
     D:6: 1728 daAuts
     D:3: 1524 daAuts
     D:5: 1403 daAuts
  Temple: 189 daAuts
     D:7: 25 daAuts
